 Dungeon Crawl Stone Soup version 0.31-a0-799-g6bc09d010c (webtiles) character file.

Game seed: 12744142229109438660

30 avis the Ducker (level 3, 16/16 HPs)
             Began as a Felid Warper on Sept 20, 2023.
             Got out of the dungeon alive.
             The game lasted 00:09:33 (1538 turns).

avis the Ducker (Felid Warper)                      Turns: 1538, Time: 00:09:34

Health: 16/16      AC:  1    Str:  9    XL:     3   Next: 3%
Magic:  7/7        EV: 18    Int: 14    God:
Gold:   56         SH:  0    Dex: 15    Spells: 4/6 levels left
                                        Lives:  0   Deaths: 1

rFire   . .          .
                       - Unarmed
rCold   . . .        (shield unavailable)
rNeg    . . .        (body armour unavailable)
rPois   .            (helmet unavailable)
rElec   .            (cloak unavailable)
rCorr   .            (gloves unavailable)
SInv    +            (boots unavailable)
Will    .....        (no amulet)
Stlth   ++           f - ring of wizardry
HPRegen 0.22/turn    (no ring)
MPRegen 0.10/turn

%: wizardry (x1)
@: quick
A: very small, claws 1, fangs 3, see invisible, speed 1, shaggy fur 1, stealthy
paws, no weapons or thrown items, no armour, multi-lived
a: no special abilities


You escaped.
You visited 1 branch of the dungeon, and saw 2 of its levels.

You collected 56 gold pieces.

Inventory:

Jewellery
 f - a ring of wizardry (left paw)
Scrolls
 a - a scroll of blinking
 c - 4 scrolls of teleportation {unknown}
 e - a scroll of noise {unknown}
 g - a scroll of identify {unknown}
Potions
 b - a potion of resistance {unknown}
 d - a potion of cancellation {unknown}


   Skills:
 - Level 2.0 Fighting
 * Level 4.5 Dodging
 + Level 2.1 Stealth
 - Level 2.0 Unarmed Combat
 - Level 2.0 Spellcasting
 - Level 4.4 Translocations


You had 4 spell levels left.
You knew the following spells:

 Your Spells              Type           Power      Damage    Failure   Level
a - Blink                 Tloc           26%        N/A       2%          2

Your spell library contained the following spells:

 Spells                   Type           Power      Damage    Failure   Level
 Lesser Beckoning         Tloc           26%        N/A       2%          2
 Teleport Other           Tloc           13%        N/A       4%          3
 Manifold Assault         Tloc           13%        N/A       16%         4
 Vhi's Electric Charge    Tloc/Air       14%        N/A       34%         4


Dungeon Overview and Level Annotations

Branches:
Dungeon (2/15)

Altars:
Yredelemnul

Annotations:
D:2 Natasha, Sigmund, Terence


Innate Abilities, Weirdness & Mutations

You have sharp claws.
You have razor-sharp teeth.
You have supernaturally acute eyesight. (SInv)
You cover ground quickly. (Speed+)
You are covered in fur. (AC +1)
Your paws help you pounce on unaware monsters.
You are incapable of wielding weapons or throwing items.
You cannot wear armour.
You gain extra lives every three experience levels.


Message History

You now have 56 gold pieces (gained 6).
Sigmund the Dreaded comes into view.
He is wielding a +0 scythe.
Natasha, Servant of Life and Death comes into view.
Natasha misses you.
You scratch Natasha. Your bite misses Natasha.
Natasha is moderately wounded.
Natasha claws you.
You scratch Natasha but do no damage. Your bite misses Natasha.
Natasha is moderately wounded.
Natasha claws you.
You closely miss Natasha.
Natasha is moderately wounded.
You scratch Natasha but do no damage.
Natasha is moderately wounded.
Natasha mumbles some strange words.
You barely miss Natasha.
Natasha is moderately wounded.
Natasha closely misses you. The cerulean imp completely misses you.
You scratch Natasha.
Natasha is heavily wounded.
Natasha claws you.
You closely miss Natasha.
Natasha is heavily wounded.
The cerulean imp hits you with a +2 spear.
Natasha misses you.
You scratch Natasha. You claw Natasha. Your bite misses Natasha.
Natasha is severely wounded.
The cerulean imp hits you with a +2 spear.
* * * LOW HITPOINT WARNING * * *
Natasha claws you.
You die...
You rejoin the land of the living...
There is a stone staircase leading up here.
There is a stone staircase leading up here.
You climb upwards.
There is a stone staircase leading down here.
There is an open door here.
There is an open door here.
There is a staircase leading out of the dungeon here.
You have escaped!

##.# #........#.#.......####
...# #.......##.#..........#
...# #..........##..######.#
..####..............# #.#
....................# #.#
#.####...##..######## #.#
+..^.#...##..#.....# #.#
.##..........#.....#######.#
......######.'..@..'.....#.#
....#.# #.)#.....#.###.#.#
....#(# #..#.....#.....#.#
......#####.########..#..#.#
......#.......#.......#..#.#
###.....###.#.#.......#..#.#
# #.#.#.....#.#..####....#)#
# #.#.#.....#.#..#######.#.#
# #.#.#####...........##.#.#


There were no monsters in sight!

Vanquished Creatures
  4 bats
  2 endoplasms
  A giant cockroach (D:1)
  2 goblins (D:1)
  2 hobgoblins
  5 jackals
  A quokka (D:2)
  3 ball pythons (D:1)
  A frilled lizard (D:1)
  2 kobolds (D:1)
  5 rats
28 creatures vanquished.

Notes
Turn   | Place    | Note
-------+----------+-------------------------------------------
     0 | D:1      | avis the Felid Warper began the quest for the Orb.
     0 | D:1      | Reached XP level 1. HP: 9/9 MP: 4/4
   181 | D:1      | Reached skill level 1 in Stealth
   343 | D:1      | Reached XP level 2. HP: 13/13 MP: 6/6
   460 | D:1      | Learned a level 2 spell: Blink
   782 | D:2      | Found a basalt altar of Yredelemnul.
   912 | D:2      | Noticed Terence
  1100 | D:2      | Reached XP level 3. HP: 15/16 MP: 7/7
  1340 | D:2      | Noticed Sigmund
  1462 | D:2      | Noticed Natasha
  1476 | D:2      | Slain by Natasha
  1538 | D:$      | Got out of the dungeon alive.

Illustrated notes

Levels and vault maps discovered:
D:1:      minmay_arrival_checkered_box, layout_basic, minmay_strange_pillars,
          hangedman_abyss_or_decor_stabs, minmay_misc_feat_doors,
          skrybe_limestone_x, st_stairs_14
D:2:      layout_basic, basic_altar, ebering_ecumenical_altar_petrified,
          uniq_sigmund, uniq_terence, uniq_natasha

Skill      XL: |  1  2 |
---------------+-------+-----
Stealth        | 1 2 |  2.1
Dodging        | 4 |  4.5
Fighting       | |  2.0
Unarmed Combat | |  2.0
Spellcasting   | |  2.0
Translocations | |  4.4

Action                     || total
---------------------------++-------
  Melee: Unarmed           ||   115
         Bite              ||     7
         Punch             ||     2
   Stab: Sleeping          ||     8
 Armour: Skin              ||    32
  Dodge: Dodged            ||    77

Table legend: (Time is in decaauts)
 A = Elapsed time spent in this place.
 B = Non-inter-level travel time spent in this place.
 C = Inter-level travel time spent in this place.
 D = Time resting spent in this place.
 E = Time spent auto-exploring this place.
 F = Levels seen in this place.
 G = Mean time per level.
                   A        B        C        D        E       F      G
               +--------+--------+--------+--------+--------+-----+--------+
         Total |   1287 |   1183 |    104 |    115 |    552 |   2 |  643.5 |
       Dungeon |   1287 |   1183 |    104 |    115 |    552 |   2 |  643.5 |
               +--------+--------+--------+--------+--------+-----+--------+

Top non-repeatable levels by time:
     D:1: 760 daAuts
     D:2: 527 daAuts
